 Dungeon Crawl Stone Soup version 0.29-a0-22-gbf593b16ee (webtiles) character file.

Game seed: 12320179436889514471

102950 zazu2006 the Carver (level 16, -17/146 (150) HPs)
             Began as a Naga Hedge Wizard on Jan 30, 2022.
             Was an Elder of Vehumet.
             Killed from afar by Tynuabry's ghost (46 damage)
             ... with a bolt of lightning
             ... on level 4 of the Lair of Beasts.
             The game lasted 01:45:47 (44088 turns).

zazu2006 the Carver (Naga Hedge Wizard)            Turns: 44088, Time: 01:45:49

HP:   -17/146 (150) AC: 14    Str: 20    XL:     16   Next: 34%
MP:   2/28          EV: 15    Int: 23    God:    Vehumet [****..]
Gold: 4745          SH:  5    Dex: 10    Spells: 4/32 levels left

rFire   + . .      SeeInvis +   x - +0 demon blade (venom)
rCold   + . .      Faith    .   V - +0 buckler
rNeg    + + .      Spirit   .   P - +3 leather armour of Anaesthesia {rN++ Str+4}
rPois   +          Reflect  .   G - +0 helmet
rElec   .          Harm     .   N - +1 cloak {rF+}
rCorr   .          Rampage  .   (no gloves)
Will    ++...                   (no barding)
Stlth   +++++.....              Y - amulet of the acrobat
HPRegen 0.34/turn               U - ring of protection from cold
MPRegen 0.21/turn               k - ring "Veadghac" {EV+4 Int+3}

@: lightly drained, very slow
A: AC +5, large, see invisible, deformed body, poison resistance, slowness 2,
spit poison 1, naga tail 2
a: Spit Poison, Renounce Religion


You were on level 4 of the Lair of Beasts.
You worshipped Vehumet.
Vehumet was greatly pleased with you.
You visited 3 branches of the dungeon, and saw 23 of its levels.
You visited the Abyss 1 time.
You also visited: Ice Cave and Volcano.

You collected 4800 gold pieces.
You spent 55 gold pieces at shops.

Inventory:

Hand Weapons
 c - a +0 broad axe of flaming
 x - a +0 demon blade of venom (weapon)
 y - a +0 long sword of holy wrath
Armour
 G - a +0 helmet (worn)
 N - a +1 cloak of fire resistance (worn)
 P - the +3 leather armour of Anaesthesia (worn) {rN++ Str+4}
   (You took it off a wight on level 8 of the Dungeon)

   Str:       It affects your strength (+4).
   rN:        It greatly protects you from negative energy.
 V - a +0 buckler (worn)
 W - +0 acid dragon scales
Magical Staves
 R - a staff of air
Jewellery
 a - a +6 ring of strength
 e - the ring of Qopent {Will+ Stlth+}
   (You found it on level 13 of the Dungeon)

   [ring of willpower]

   Will:      It increases your willpower.
   Stlth:     It makes you more stealthy.
 f - a +6 ring of strength
 k - the ring "Veadghac" (right hand) {EV+4 Int+3}
   (You found it in an ice cave)

   [ring of evasion]

   EV:        It affects your evasion (+4).
   Int:       It affects your intelligence (+3).
 B - a +6 ring of dexterity
 Q - an amulet of faith
 U - a ring of protection from cold (left hand)
 Y - an amulet of the acrobat (around neck)
Wands
 l - a wand of mindburst (2)
 o - a wand of iceblast (16)
 r - a wand of flame (45)
 v - a wand of digging (8)
 I - a wand of polymorph (4)
 K - a wand of paralysis (3)
 S - a wand of charming (5)
Scrolls
 b - a scroll of amnesia {unknown}
 j - 4 scrolls of fog
 n - 2 scrolls of silence
 t - 8 scrolls of magic mapping
 u - 3 scrolls of teleportation
 w - 3 scrolls of fear
 z - 3 scrolls of vulnerability {unknown}
 C - 4 scrolls of enchant weapon {unknown}
 D - 3 scrolls of blinking
 E - 3 scrolls of torment {unknown}
 H - 3 scrolls of brand weapon {unknown}
Potions
 d - a potion of magic
 g - a potion of flight
 p - 4 potions of curing
 q - 4 potions of lignification
 s - 4 potions of brilliance
 A - 6 potions of cancellation {unknown}
 F - 4 potions of mutation
 J - 2 potions of ambrosia
 O - a potion of berserk rage {unknown}
 X - 2 potions of attraction
 Z - 2 potions of resistance {unknown}


   Skills:
 + Level 11.0 Fighting
 + Level 14.7 Long Blades
 + Level 5.6 Armour
 + Level 7.1 Dodging
 + Level 14.1 Stealth
 + Level 5.3 Shields
 + Level 8.9 Spellcasting
 + Level 7.4 Conjurations
 + Level 1.0 Summonings
 + Level 2.7 Translocations
 + Level 5.0 Fire Magic
 + Level 5.9 Air Magic
 * Level 5.5 Earth Magic
 + Level 8.6 Poison Magic
 + Level 2.1 Evocations


You had 4 spell levels left.
You knew the following spells:

 Your Spells              Type           Power      Damage    Failure   Level
a - Magic Dart            Conj           100%       1d8       1%          1
b - Mephitic Cloud        Conj/Pois/Air  44%        N/A       1%          3
c - Conjure Flame         Conj/Fire      39%        6-21      1%          3
d - Blink                 Tloc           44%        N/A       4%          2
e - Iskenderun's Mystic   Conj/Tloc      33%        2d8       3%          4
f - Airstrike             Air            18%        N/A       2%          4
g - Lightning Bolt        Conj/Air       20%        1d35      4%          5
h - Iron Shot             Conj/Erth      20%        9d5       24%         6

Your spell library contained the following spells:

 Spells                   Type           Power      Damage    Failure   Level
 Sticky Flame             Conj/Fire      39%        2d6       1%          4
 Static Discharge         Conj/Air       41%        N/A       1%          2
 Spider Form              Tmut/Pois      30%        N/A       4%          3
 Slow                     Hex            40%        N/A       9%          1
 Call Imp                 Summ           14%        N/A       9%          2
 Ensorcelled Hibernation  Hex/Ice        20%        N/A       14%         2
 Summon Guardian Golem    Hex/Summ       12%        N/A       22%         3
 Confusing Touch          Hex            10%        N/A       26%         3
 Ozocubu's Armour         Ice            10%        N/A       26%         3
 Vampiric Draining        Necr           10%        2d6       26%         3
 Anguish                  Hex/Necr       5%         N/A       65%         4
 Animate Dead             Necr           5%         N/A       65%         4
 Iskenderun's Battlesphe  Conj           44%        2d10      3%          5
 Borgnjor's Vile Clutch   Necr/Erth      11%        N/A       61%         5
 Orb of Destruction       Conj           22%        9d8       63%         7
 Metabolic Englaciation   Hex/Ice        5%         N/A       94%         5
 Spellforged Servitor     Conj/Summ      14%        N/A       95%         7
 Death Channel            Necr           5%         N/A       100%        6
 Simulacrum               Ice/Necr       5%         N/A       100%        6
 Maxwell's Capacitive Co  Air            18%        ∞         100%        8


Dungeon Overview and Level Annotations

Branches:
Dungeon (15/15)            Temple (0/1) D:7            Lair (6/6) D:8
  Swamp (0/4) Lair:3       Spider (0/4) Lair:3        Slime (0/5) Lair:6
    Orc (2/2) D:11            Elf (0/3) Orc:2        Vaults (0/5) D:14
 Depths (0/4) D:15          IceCv (visited)         Volcano (visited)

Altars:
Gozag
Kikubaaqudgha
Makhleb
Okawaru
Uskayaw
Vehumet
Xom
Yredelemnul
Zin
Beogh

Shops:
D:13 *   Orc:2 ([!*

Annotations:
Lair:4 Tynuabry's ghost, journeyman DECj
Lair:6 2 runed translucent doors, exclusion: 4 oklob plants


Innate Abilities, Weirdness & Mutations

Your serpentine skin is tough. (AC +5)
You have supernaturally acute eyesight. (SInv)
Armour fits poorly on your strangely shaped body.
Your system is resistant to poisons. (rPois)
You cover ground very slowly.
You can spit poison.
You can use your snake-like lower body to constrict enemies.


Message History

Tynuabry's ghost completely misses you.
Aiming: Mindburst
Press: ? - help, Shift-Dir - straight line, f - Tynuabry's ghost
Aim: Tynuabry's ghost, wielding a vorpal weapon (severely damaged, chance to affect: 19%) Tynuabry's ghost's mind is blasted!
Tynuabry's ghost gestures at you while chanting.
The zap hits you!
* * * LOW HITPOINT WARNING * * *
Casting: Blink (safe; 4% risk of failure)
Confirm with . or Enter, or press ? or * to list all spells.
You blink.
Aiming: Mindburst
Press: ? - help, Shift-Dir - straight line, f/p - Tynuabry's ghost
Aim: Tynuabry's ghost, wielding a vorpal weapon (translocational energy, almost destroyed, chance to affect: 19%) Tynuabry's ghost resists with almost no effort.
Tynuabry's ghost gestures at you while chanting.
The zap hits you!
* * * LOW HITPOINT WARNING * * *
The zap hits the plant!
The plant begins to die.
You feel better.
Tynuabry's ghost points at you and mumbles some strange words.
The zap hits you!
* * * LOW HITPOINT WARNING * * *
The zap hits the plant!
You feel better.
You feel better.
You feel stable enough to blink again.
Aiming: Mindburst
Press: ? - help, Shift-Dir - straight line, f/p - Tynuabry's ghost
Aim: Tynuabry's ghost, wielding a vorpal weapon (almost destroyed, chance to affect: 19%) Tynuabry's ghost resists with almost no effort.
A nearby plant withers and dies.
Unknown command.
Aiming: Mindburst
Press: ? - help, Shift-Dir - straight line, f/p - Tynuabry's ghost
Aim: Tynuabry's ghost, wielding a vorpal weapon (almost destroyed, chance to affect: 19%) Tynuabry's ghost resists with almost no effort.
Tynuabry's ghost casts a spell at you. The bolt of lightning hits you!!!
You die...

#..P###...#....##.#.###...###..#P
#####P.........#.#..##.....##P...
##.#.............................
..........>.................P....
..#..#..#.#.#..####.##.....###...
.###...#####....#.####......#P...
.##..#.......W....#.P............
.#......PP.##....................
..........#.#...@.###....#.......
..........##.....####.....##.....
.................###.....#.......
...................#.......#.....
...........#.#######...8...#.....
...........### #.#...#.#.....
...........## ###.#...#.#.....
............# #.........#.....
...........#### ##.##...##......


You could see Tynuabry's ghost.

Vanquished Creatures
  An orc warlord (Orc:2)
  A white draconian (IceCv)
  A red draconian (Volcano)
  A dire elephant (D:15)
  Snorg (Lair:4)
  A fire dragon (D:12)
  Josephine (Orc:1)
  9 hydras
  3 boulder beetles
  8 centaur warriors
  A catoblepas (D:13)
  6 ogre magi
  2 dancing weapons (D:14)
  33 two-headed ogres
  A tengu warrior (D:14)
  20 slime creatures
  Sonja (Lair:6)
  A fire crab (Lair:6)
  A bog body (Lair:3)
  A wolf spider (D:15)
  7 ugly things
  An orc knight (D:15)
  A manticore (D:13)
  4 cyclopes
  5 black mambas
  Maurice (Orc:2)
  13 elephants
  2 molten gargoyles (Lair:6)
  A gargoyle (D:12)
  2 ice statues (IceCv)
  Maggie (Lair:1)
  11 cane toads
  An unseen horror (D:13)
  9 rime drakes
  13 komodo dragons
  2 ice devils (Lair:6)
  3 polar bears
  5 trolls
  11 blink frogs
  A hornet (D:9)
  A jumping spider (shapeshifter) (D:13)
  11 dream sheep
  A centaur simulacrum (D:10)
  4 wraiths
  A vampire (D:11)
  39 yaks
  8 wyverns
  2 steam dragons
  6 basilisks
  8 vampire mosquitoes
  2 wargs
  A death yak simulacrum (Lair:5)
  A swamp worm (Lair:3)
  Edmund (D:5)
  19 water moccasins
  Duvessa (D:5)
  4 hell hounds (Lair:6)
  2 necrophages
  23 orc warriors
  2 sky beasts
  An ice beast (D:5)
  34 ogres
  20 wolves
  9 centaurs
  A phantom (D:6)
  5 kobold brigands
  8 bullfrogs
  A wyvern zombie (D:5)
  Blork the orc (D:5)
  2 gnoll sergeants (D:7)
  2 scorpions
  A water moccasin zombie (D:5)
  A wyvern skeleton (D:6)
  Dowan (D:5)
  A water moccasin skeleton (D:6)
  7 killer bees (D:9)
  10 wights
  3 lindwurm simulacra (IceCv)
  4 howler monkeys
  3 electric eels
  2 vampire bats (D:8)
  4 centaur zombies
  5 lava snakes (Lair:6)
  A bullfrog zombie (D:7)
  10 komodo dragon simulacra (IceCv)
  10 hounds
  4 jellies
  21 orc priests
  Crazy Yiuf (D:5)
  19 orc wizards
  2 hell rats (Lair:5)
  A hound skeleton (D:4)
  A howler monkey zombie (D:9)
  3 acid dragon simulacra (IceCv)
  10 river rats (Lair:5)
  6 adders
  15 gnolls
  A shadow imp (D:6)
  2 white imps
  3 ufetubi
  5 steam dragon simulacra (IceCv)
  2 worms
  2 dart slugs
  76 orcs
  3 ball pythons
  3 bat skeletons (D:8)
  A bat zombie (D:8)
  5 endoplasms
  3 giant cockroaches
  12 goblins
  13 hobgoblins
  4 jackals (D:1)
  5 quokkas
  8 bats
  3 frilled lizards
  23 kobolds
  8 rats
  A toadstool (D:1)
738 creatures vanquished.

Vanquished Creatures (others)
  A deep elf pyromancer (D:13)
  2 human simulacra (D:11)
  An orc (D:11)
  42 fungi
  77 plants
  3 toadstools (D:1)
126 creatures vanquished.

Grand Total: 864 creatures vanquished

Notes
Turn   | Place    | Note
-------+----------+-------------------------------------------
     0 | D:1      | zazu2006 the Naga Hedge Wizard began the quest for the Orb.
     0 | D:1      | Reached XP level 1. HP: 15/15 MP: 4/4
   381 | D:1      | Reached XP level 2. HP: 19/22 MP: 1/6
   864 | D:1      | Reached XP level 3. HP: 28/28 MP: 4/8
   876 | D:1      | Learned a level 3 spell: Mephitic Cloud
   880 | D:1      | Learned a level 3 spell: Conjure Flame
   883 | D:1      | Learned a level 2 spell: Blink
  1334 | D:1      | Found a faded altar of an unknown god.
  2434 | D:2      | Reached skill level 1 in Poison Magic
  2434 | D:2      | Reached XP level 4. HP: 26/36 MP: 1/9
  2871 | D:3      | Found a glowing silver altar of Zin.
  2954 | D:3      | Noticed a sky beast
  3344 | D:3      | Killed a sky beast
  3345 | D:3      | Reached XP level 5. HP: 27/43 MP: 2/11
  3692 | D:3      | Reached skill level 1 in Air Magic
  3920 | D:3      | Reached skill level 1 in Armour
  3920 | D:3      | Found a shimmering altar of Xom.
  3991 | D:3      | Found a basalt altar of Yredelemnul.
  5082 | D:4      | Reached XP level 6. HP: 44/50 MP: 3/12
  5409 | D:4      | Reached skill level 1 in Long Blades
  5773 | D:5      | Entered Level 5 of the Dungeon
  5818 | D:5      | Reached XP level 7. HP: 37/56 MP: 6/14
  5992 | D:5      | Reached skill level 1 in Fighting
  7008 | D:5      | Noticed Blork the orc
  7019 | D:5      | Killed Blork the orc
  7020 | D:5      | Reached XP level 8. HP: 32/64 MP: 12/15
  7251 | D:5      | Found a hide-covered altar of Uskayaw.
  7267 | D:5      | Reached skill level 5 in Spellcasting
  7449 | D:5      | Noticed Edmund
  7469 | D:5      | Noticed Duvessa
  7475 | D:5      | Killed Edmund
  7516 | D:5      | Noticed Dowan
  7523 | D:5      | Killed Dowan
  7816 | D:5      | Killed Duvessa
  7817 | D:5      | Reached skill level 5 in Poison Magic
  8215 | D:5      | Found a runed translucent door.
  8216 | D:5      | Noticed Crazy Yiuf
  8641 | D:5      | Killed Crazy Yiuf
  8978 | D:6      | Reached skill level 5 in Stealth
  9223 | D:6      | Reached skill level 1 in Evocations
  9236 | D:6      | Noticed an eight-headed hydra
  9664 | D:6      | Identified the ring "Cuogiun" {rC- rN+ Str+9 Int+3 Dex-2}
  9769 | D:6      | Reached XP level 9. HP: 59/74 MP: 7/16
  9777 | D:6      | Reached skill level 1 in Fire Magic
  9823 | D:6      | Reached skill level 5 in Long Blades
 10074 | D:6      | Killed an eight-headed hydra
 11436 | D:7      | Reached XP level 10. HP: 82/85 MP: 12/18
 11645 | D:7      | HP: 4/86 [poisoned by a water moccasin]
 12043 | D:7      | Found a radiant altar of Vehumet.
 12060 | D:7      | Became a worshipper of Vehumet
 12154 | D:7      | Found a staircase to the Ecumenical Temple.
 13513 | D:8      | Noticed a two-headed ogre
 13530 | D:8      | Killed a two-headed ogre
 13732 | D:8      | Found a staircase to the Lair.
 13742 | D:8      | Reached skill level 1 in Shields
 13905 | D:8      | Found an ancient bone altar of Kikubaaqudgha.
 13969 | D:8      | Noticed a two-headed ogre
 13986 | D:8      | Killed a two-headed ogre
 13987 | D:8      | Reached XP level 11. HP: 40/93 MP: 6/20
 13987 | D:8      | Identified the +3 leather armour of Anaesthesia {rN++
                  | Str+4}
 14908 | D:9      | Reached skill level 5 in Fighting
 15016 | D:9      | Reached * piety under Vehumet
 15016 | D:9      | Offered knowledge of Shock by Vehumet.
 15722 | D:9      | Noticed a cyclops
 15748 | D:9      | Killed a cyclops
 16170 | Lair:1   | Entered Level 1 of the Lair of Beasts
 16177 | Lair:1   | Noticed Maggie
 16288 | Lair:1   | Killed Maggie
 17174 | Lair:1   | Reached skill level 5 in Conjurations
 17483 | Lair:1   | Noticed a seven-headed hydra
 17523 | Lair:1   | Killed a four-headed hydra
 17810 | Lair:1   | Reached ** piety under Vehumet
 17810 | Lair:1   | Offered knowledge of Static Discharge by Vehumet.
 18293 | Lair:2   | Reached skill level 10 in Long Blades
 18303 | Lair:2   | Reached XP level 12. HP: 85/104 MP: 15/21
 18597 | Lair:2   | Identified 2 scrolls of acquirement
 19286 | Lair:2   | Noticed a four-headed hydra
 19299 | Lair:2   | Killed a one-headed hydra
 19319 | Lair:2   | Noticed a five-headed hydra
 19327 | Lair:2   | Killed a three-headed hydra
 20125 | Lair:2   | Offered knowledge of Poisonous Vapours by Vehumet.
 20501 | Lair:3   | Reached skill level 5 in Dodging
 20980 | Lair:3   | Found a hole to the Spider Nest.
 21554 | Lair:3   | Gained mutation: You can use your snake-like lower body to
                  | constrict enemies. [Naga growth]
 21554 | Lair:3   | Reached XP level 13. HP: 109/115 MP: 23/23
 21708 | Lair:3   | Reached *** piety under Vehumet
 21836 | Lair:3   | Found a staircase to the Swamp.
 22154 | Lair:4   | Noticed Snorg
 22169 | Lair:4   | Killed Snorg
 22472 | Lair:4   | Reached skill level 10 in Stealth
 22780 | Lair:4   | Offered knowledge of Iskenderun's Mystic Blast by Vehumet.
 22824 | Lair:4   | Learned a level 4 spell: Iskenderun's Mystic Blast
 23449 | Lair:5   | Found a runed translucent gate.
 23449 | Lair:5   | Found a runed translucent gate.
 23449 | Lair:5   | Found a runed translucent gate.
 23563 | Lair:5   | Noticed Tynuabry's ghost (journeyman DECj)
 23655 | Lair:5   | Reached **** piety under Vehumet
 24383 | Lair:5   | Offered knowledge of Airstrike by Vehumet.
 24395 | Lair:5   | Learned a level 4 spell: Airstrike
 24873 | Lair:6   | Entered Level 6 of the Lair of Beasts
 24927 | Lair:6   | Noticed Sonja
 24930 | Lair:6   | Cast into level 1 of the Abyss (Sonja)
 24952 | Lair:6   | Escaped the Abyss
 24955 | Lair:6   | Killed Sonja
 24968 | Lair:6   | Found a dark tunnel.
 24973 | Volcano  | Entered a volcano
 25002 | Volcano  | Noticed a red draconian
 25020 | Volcano  | Killed a red draconian
 25103 | Volcano  | HP: 5/117 [something (24)]
 25279 | Lair:6   | Found a frozen archway.
 25332 | IceCv    | Entered an ice cave
 25646 | IceCv    | Learned a level 5 spell: Lightning Bolt
 26240 | IceCv    | Reached XP level 14. HP: 78/126 MP: 26/26
 26799 | IceCv    | Noticed a white draconian
 26812 | IceCv    | Killed a white draconian
 27038 | IceCv    | Identified the ring "Veadghac" {EV+4 Int+3}
 27555 | Lair:6   | Reached skill level 5 in Fire Magic
 29099 | Lair:6   | Reached skill level 5 in Armour
 29172 | Lair:6   | Found a large runed translucent door.
 29183 | Lair:6   | Reached ***** piety under Vehumet
 29523 | Lair:6   | Offered knowledge of Flame Wave by Vehumet.
 29544 | Lair:6   | Found a large runed translucent door.
 30103 | D:10     | Entered Level 10 of the Dungeon
 30155 | D:10     | Reached skill level 5 in Air Magic
 30198 | D:10     | You fall into a shaft and drop 2 floors!
 30272 | D:12     | Learned a level 6 spell: Iron Shot
 30398 | D:11     | Found a staircase to the Orcish Mines.
 33627 | D:11     | Acquired 1190 gold pieces
 33637 | D:11     | Acquired a book of Dangerous Friends
 33643 | D:11     | Acquired 618 gold pieces
 34140 | D:10     | Reached XP level 15. HP: 119/135 MP: 27/27
 34334 | D:10     | Reached skill level 1 in Earth Magic
 34979 | Orc:1    | Entered Level 1 of the Orcish Mines
 35390 | Orc:1    | Noticed Josephine
 35401 | Orc:1    | Killed Josephine
 35771 | Orc:1    | Found a burning altar of Makhleb.
 35945 | Orc:2    | Entered Level 2 of the Orcish Mines
 36111 | Orc:2    | Found a staircase to the Elven Halls.
 36743 | Orc:2    | Reached skill level 5 in Shields
 37021 | Orc:1    | Reached skill level 10 in Fighting
 38050 | Orc:2    | Found Puytamid's Weapon Shoppe.
 38050 | Orc:2    | Found Tyisi's Distillery.
 38050 | Orc:2    | Found Ystear's Armour Boutique.
 38050 | Orc:2    | Found Muticit's Assorted Antiques.
 38066 | Orc:2    | Noticed Maurice
 38076 | Orc:2    | Killed Maurice
 38178 | Orc:2    | Noticed an orc warlord
 38184 | Orc:2    | Offered knowledge of Sticky Flame by Vehumet.
 38209 | Orc:2    | Killed an orc warlord
 38774 | D:13     | Identified the ring of Qopent {Will+ Stlth+}
 39063 | D:13     | Found Qarewija's General Store.
 39069 | D:13     | Bought a scroll of fear for 35 gold pieces
 39069 | D:13     | Bought a scroll of identify for 20 gold pieces
 39088 | D:13     | Found an iron altar of Okawaru.
 40753 | D:14     | Reached XP level 16. HP: 105/147 MP: 28/28
 41091 | D:14     | Found a gate to the Vaults.
 42052 | D:15     | Entered Level 15 of the Dungeon
 42128 | D:15     | Reached skill level 5 in Earth Magic
 42476 | D:15     | Found an opulent altar of Gozag.
 42535 | D:15     | Found a shimmering altar of Xom.
 43123 | D:15     | Found a staircase to the Depths.
 44088 | Lair:4   | Killed from afar by Tynuabry's ghost

Illustrated notes

Levels and vault maps discovered:
D:1:      ldierk_water_garden, layout_rooms,
          shapermc_ecumenical_altar_hornbeckon
D:2:      layout_rooms, serial_glass, glass_columns_b, glass_columns_a
D:3:      layout_loops_ring, mainiacjoe_overflow_24_doors,
          amethyst_overflow_temple_binary
D:4:      layout_basic, chequers_big_river, minmay_ogre_servants
D:5:      layout_loops_corners, mainiacjoe_overflow_concentric_impassable,
          uniq_crazy_yiuf_cottage, uniq_duvessa, uniq_edmund, uniq_blork_the_orc
D:6:      hangedman_cross_stitches, layout_loops_ring, minmay_strange_pillars
D:7:      kennysheep_housing_project, layout_cave_pods,
          nicolae_vehumet_radiance, minmay_temple_entry_stoned_glass
D:8:      layout_cave_pools, kennysheep_vampire_church, erik_lair_island
D:9:      layout_cave_pools
D:10:     layout_basic, minmay_misc_feat_four_crosses, minmay_increasing_density
D:11:     layout_big_octagon, minmay_orc_entry_temple_small,
          hangedman_abyss_or_decor_lesser_grid, bh_circular_ruins
D:12:     layout_stronghold, serial_co_window_serial,
          co_window_of_opportunity_a, co_window_paths_a, co_window_corner_a,
          co_window_of_opportunity_a, co_window_corner_a, co_window_paths_a,
          co_window_paths_b, co_window_paths_b, co_window_paths_a,
          co_window_broadway_c, co_window_broadway_c, co_window_unsneaky_path_e,
          co_window_cross_3, co_window_of_opportunity_b, glass_columns_a,
          glass_columns_a
D:13:     layout_loops_ring, serial_shops, kennysheep_little_box,
          okawaru_metal_pillars_3
D:14:     layout_loops_corners, erik_vaults_1, chequers_serial_rivers_micro_a
D:15:     hangedman_depths_entry_try_elsewhere_first, layout_loops_cross,
          xom_teletrap_fun, minmay_misc_feat_encased, grunt_gozag_breadcrumbs
Lair:1:   layout_cave_pods, grunt_forest_small_clearings, st_stairs_10,
          uniq_maggie
Lair:2:   layout_roguey, infiniplex_staircase_pool
Lair:3:   layout_chaotic_city, nicolae_swamp_entry_splash_gauntlet,
          dummy_spider_entry, grunt_megastairs_2
Lair:4:   layout_gridlike, grunt_megastairs_1, uniq_snorg
Lair:5:   layout_regular_city, gammafunk_ghost_necromancy, st_stairs_9,
          kennysheep_rathole
Lair:6:   cheibrodos_lair_end_hotspot, layout_regular_city,
          minmay_slime_entry_oklob_open, portal_ice_cave_demonic_guard,
          enter_volcano_4, uniq_sonja
Orc:1:    layout_diamond_mine, basic_altar, uniq_josephine
Orc:2:    st_orc_ogre_mass, layout_caves, basic_altar, uniq_maurice

Skill      XL: |  1  2  3  4  5  6  7  8  9 10 11 12 13 14 15 16 |
---------------+-------------------------------------------------+-----
Dodging        | 2 3 4 5 6 7 |  7.1
Poison Magic   | 1 2 3 4 5 6 7 8 |  8.6
Spellcasting   | 4 5 6 7 8 |  8.9
Air Magic      | 1 2 3 4 5 |  5.9
Conjurations   | 2 3 4 5 6 7 |  7.4
Armour         | 1 2 3 4 5 |  5.6
Long Blades    | 1 2 4 6 8 10 11 12 14 | 14.7
Fighting       | 1 2 3 4 5 7 8 9 10 11 | 11.0
Stealth        | 4 5 6 7 9 10 12 13 14 | 14.1
Evocations     | 1 2 |  2.1
Fire Magic     | 3 4 5 |  5.0
Shields        | 2 4 5 |  5.3
Translocations | 2 |  2.7
Earth Magic    | 4 5 |  5.5
Summonings     | |  1.0

Action                   |  1- 3 |  4- 6 |  7- 9 | 10-12 | 13-15 | 16-18 || total
-------------------------+-------+-------+-------+-------+-------+-------++-------
Melee: Dagger            |    23 |       |       |       |       |       ||    23
       Falchion          |     2 |    50 |    11 |       |       |       ||    63
       Demon blade       |       |       |   164 |   570 |  1328 |   194 ||  2256
       Punch             |       |       |     4 |     8 |    14 |       ||    26
       Long sword        |       |       |    58 |    52 |     3 |       ||   113
       Halberd           |       |       |       |    12 |     4 |       ||    16
       Constrict         |       |       |       |       |   265 |    24 ||   289
       Broad axe         |       |       |       |       |    39 |     3 ||    42
 Cast: Magic Dart        |    90 |    81 |    51 |   106 |    50 |     1 ||   379
       Mephitic Cloud    |     1 |    12 |    18 |    53 |   103 |    10 ||   197
       Conjure Flame     |       |       |     8 |    18 |    26 |     5 ||    57
       Blink             |       |       |     4 |     7 |    16 |     2 ||    29
       Airstrike         |       |       |       |       |    18 |     8 ||    26
       Iron Shot         |       |       |       |       |     1 |       ||     1
 Abil: Spit Poison       |    17 |    13 |     1 |    15 |     9 |     1 ||    56
Evoke: Wand              |       |     1 |    16 |     7 |    15 |     4 ||    43
  Use: Potion            |       |       |     2 |     3 |     8 |     6 ||    19
       Scroll            |       |       |       |    10 |    14 |     2 ||    26
 Stab: Sleeping          |       |     1 |     2 |       |    14 |     4 ||    21
       Confused          |       |     1 |     7 |    33 |    71 |     6 ||   118
       Paralysed         |       |       |     9 |     4 |     5 |       ||    18
       Distracted        |       |       |       |     1 |     1 |       ||     2
Armor: Robe              |    10 |       |       |       |       |       ||    10
       Leather armour    |     3 |    14 |    77 |   245 |   356 |    55 ||   750
Dodge: Dodged            |    43 |    36 |   116 |   287 |   809 |    81 ||  1372
Block: Buckler           |       |       |       |    11 |   156 |    29 ||   196

Table legend: (Time is in decaauts)
 A = Elapsed time spent in this place.
 B = Non-inter-level travel time spent in this place.
 C = Inter-level travel time spent in this place.
 D = Time resting spent in this place.
 E = Time spent auto-exploring this place.
 F = Levels seen in this place.
 G = Mean time per level.
                   A        B        C        D        E       F      G
               +--------+--------+--------+--------+--------+-----+--------+
         Total |  50808 |  48994 |   1814 |  10522 |  29637 |  26 | 1954.2 |
       Dungeon |  30786 |  29503 |   1283 |   5361 |  19569 |  15 | 2052.4 |
          Lair |  13596 |  13093 |    503 |   2606 |   8230 |   6 | 2266.0 |
  Orcish Mines |   4028 |   4001 |     27 |   1327 |   1601 |   2 | 2014.0 |
         Abyss |     29 |     29 |      0 |      0 |      0 |   1 |   29.0 |
      Ice Cave |   2096 |   2096 |      0 |   1226 |    235 |   1 | 2096.0 |
       Volcano |    271 |    271 |      0 |      0 |      0 |   1 |  271.0 |
               +--------+--------+--------+--------+--------+-----+--------+

Top non-repeatable levels by time:
    D:12: 3721 daAuts
     D:7: 3427 daAuts
  Lair:6: 3321 daAuts
     D:5: 3309 daAuts
   Orc:1: 2675 daAuts
  Lair:1: 2417 daAuts
     D:4: 2377 daAuts
  Lair:5: 2317 daAuts
  Lair:2: 2266 daAuts
   IceCv: 2096 daAuts
  Lair:3: 2077 daAuts
     D:6: 2067 daAuts
    D:15: 1968 daAuts
    D:14: 1950 daAuts
     D:3: 1909 daAuts
